 Dungeon Crawl Stone Soup version 0.31-a0-986-g5e6e4ef867 (webtiles) character file.

Game seed: 8487255547425535441

1654 strawberryx3c the Protected (level 9, -5/71 HPs)
             Began as a Gnoll Wanderer on Nov 4, 2023.
             Was a Priest of Uskayaw.
             Slain by a manticore (6 damage)
             ... on level 7 of the Dungeon.
             The game lasted 00:18:35 (7265 turns).

strawberryx3c the Protected (Gnoll Wanderer)        Turns: 7265, Time: 00:18:36

Health: -5/71      AC: 14    Str: 11 (13) XL:     9   Next: 0%
Magic:  7/16       EV: 10    Int:  8 (10) God:    Uskayaw [***...]
Gold:   296        SH:  6    Dex: 17 (18) Spells: 16/17 levels left

rFire   . . .        k - +0 hand axe
rCold   . . .        b - +0 buckler
rNeg    . . .        d - +2 scale mail
rPois   .            r - +1 helmet
rElec   .            (no cloak)
rCorr   .            (no gloves)
SInv    .            p - +0 pair of boots
Will    +....        (no amulet)
Stlth   ++           (no ring)
HPRegen 0.31/turn    (no ring)
MPRegen 0.15/turn

%: no passive effects
@: on berserk cooldown, enlightened, flying (expiring), slowed, invisible, very
slow
A: fangs 1, strong nose, distributed training, thin skeletal structure 1,
mutation resistance 1, robust 1
a: Renounce Religion, Stomp, Line Pass


You were on level 7 of the Dungeon.
You worshipped Uskayaw.
Uskayaw was noncommittal.
You visited 1 branch of the dungeon, and saw 7 of its levels.
You also visited: Ossuary.

You collected 296 gold pieces.

Inventory:

Hand Weapons
 a - a +0 dagger
 k - a +0 hand axe (weapon)
 q - a +1 dagger of flaming
Missiles
 F - 2 curare-tipped darts
Armour
 b - a +0 buckler (worn)
 d - a +2 scale mail (worn)
 f - a +0 scale mail of poison resistance
 p - a +0 pair of boots (worn)
 r - a +1 helmet (worn)
 z - a +1 leather armour of cold resistance
 E - the +1 leather armour "Weibraxkes" {Dex+3}
   (You found it on level 6 of the Dungeon)

   Dex+3:     It affects your dexterity (+3).
Jewellery
 C - an amulet of magic regeneration
Wands
 e - a wand of light (9)
 v - a wand of roots (9)
 x - a wand of flame (12)
 H - a wand of polymorph (10)
Scrolls
 g - a scroll of blinking
 h - a scroll of noise {unknown}
 i - a scroll of butterflies {unknown}
 j - 3 scrolls of revelation
 o - a scroll of amnesia {unknown}
 t - a scroll of poison {unknown}
 y - a scroll of fear
 A - 2 scrolls of immolation
 D - a scroll of enchant armour
 I - a scroll of brand weapon {unknown}
 J - a scroll of torment {unknown}
Potions
 l - 5 potions of curing
 m - 3 potions of cancellation
 n - 3 potions of mutation
 s - 2 potions of haste
 u - 2 potions of degeneration
 G - a potion of magic {unknown}


   Skills:
 + Level 3.8 Fighting
 + Level 3.8 Short Blades
 + Level 3.8 Long Blades
 + Level 3.8 Axes
 + Level 3.8 Maces & Flails
 + Level 3.8 Polearms
 + Level 3.8 Staves
 + Level 3.8 Ranged Weapons
 + Level 3.8 Throwing
 + Level 9.4 Armour
 + Level 4.6 Dodging
 + Level 3.8 Stealth
 + Level 6.0 Shields
 + Level 3.8 Unarmed Combat
 + Level 4.8 Spellcasting
 + Level 3.1 Conjurations
 + Level 5.0 Hexes
 + Level 3.1 Summonings
 + Level 3.1 Necromancy
 + Level 3.1 Translocations
 + Level 3.1 Transmutations
 + Level 3.1 Fire Magic
 + Level 3.1 Ice Magic
 + Level 3.1 Air Magic
 + Level 3.1 Earth Magic
 + Level 3.1 Poison Magic
 + Level 4.2 Invocations
 + Level 3.8 Evocations
 + Level 3.4 Shapeshifting


You had 16 spell levels left.
You knew the following spells:

 Your Spells              Type           Power      Damage    Failure   Level
a - Slow                  Hex            36%        N/A       21%         1

Your spell library contained the following spells:

 Spells                   Type           Power      Damage    Failure   Level
 Apportation              Tloc           12%        N/A       41%         1
 Necrotise                Necr           24%        1d5       41%         1
 Summon Small Mammal      Summ           24%        N/A       41%         1
 Sigil of Binding         Hex            9%         N/A       52%         3
 Ozocubu's Armour         Ice            6%         N/A       78%         3
 Stone Arrow              Conj/Erth      12%        3d7       78%         3
 Animate Armour           Summ/Erth      12%        N/A       99%         4
 Ozocubu's Refrigeration  Ice            3%         4d8       100%        7
 Lehudib's Crystal Spear  Conj/Erth      3%         10d2      100%        8


Dungeon Overview and Level Annotations

Branches:
Dungeon (7/15)             Temple (0/1) D:6         Ossuary (visited)

Altars:
Makhleb
Uskayaw
The Shining One

Annotations:
D:7 1 transporter, Fodor's ghost, novice MiFi


Innate Abilities, Weirdness & Mutations

You have very sharp teeth.
Your uncanny sense of smell can sniff out nearby items.
Your experience applies equally to all skills.
You have a somewhat thin skeletal structure. (Dex +2, Stealth+)
You are somewhat resistant to further mutation.
You are robust. (+10% HP)


Message History

The manticore is severely wounded.
Fodor's ghost is almost destroyed.
You can no longer merge with and destroy a victim.
Fodor's ghost lets out a mournful wail.
Fodor's ghost hits you. You block the manticore's attack.
The manticore barely misses you.
The manticore claws you but does no damage.
You can now merge with and destroy a victim.
You closely miss Fodor's ghost.
Fodor's ghost is almost destroyed.
You barely miss the manticore.
You flicker back into view.
Fodor's ghost hits you but does no damage.
The manticore bites you! The manticore barely misses you.
The manticore claws you but does no damage.
Fodor's ghost hits you! The manticore bites you. The manticore misses you.
The manticore claws you but does no damage.
You stomp with the beat, sending a shockwave through the revellers around you!
The manticore is almost dead.
Fodor's ghost is almost destroyed.
You can no longer merge with and destroy a victim.
Fodor's ghost hits you but does no damage.
The manticore bites you but does no damage.
The manticore claws you but does no damage.
The manticore claws you.
Aiming: Line Pass
Press: ? - help, Dir - move target, p - manticore The manticore appears confused.
The manticore seems less confused.
Fodor's ghost hits you.
* * * LOW HITPOINT WARNING * * *
You block the manticore's attack. The manticore closely misses you.
The manticore misses you. The manticore barely misses you.
You block the manticore's attack. The manticore claws you.
* * * LOW HITPOINT WARNING * * *
Fodor's ghost hits you!
* * * LOW HITPOINT WARNING * * *
You fade into invisibility!
Fodor's ghost hits you.
* * * LOW HITPOINT WARNING * * *
The manticore bites you.
You die...

........##.##.#########.###
........##.##..#...........
.....................##+####
....##........©....).......#
....##....#########........#
....##...##8.....8##.......#
....##...#.........#........
.#####...#...[†W...#........
.# ##..#.....H@..#........
.# #..#....©....#........ .#
#..#.........#.......# .#
#..#.........#..###### .#
#..#©........#........ .#
#..##8.$!?.8##..###### ##
#...#########.........
#.......©.......######
##.............##


You could see a manticore (unable to see you) and Fodor's ghost (unable to see
you).

Vanquished Creatures
  A troll (D:7)
  A water moccasin (D:6)
  Duvessa (D:6)
  2 ogres
  A kobold brigand (D:7)
  Blork the orc (D:6)
  Dowan (D:6)
  3 hounds
  A jelly (D:4)
  2 orc priests (D:5)
  5 centaur zombies (Ossuary)
  A sleepcap (D:6)
  Ijyb (D:4)
  An orc wizard (D:5)
  Natasha (thrice) (D:4)
  2 iguanas
  4 mummies (Ossuary)
  Robin (D:3)
  7 gnolls
  12 adders
  2 shadow imps
  2 white imps
  6 ufetubi
  2 worms
  4 dart slugs
  11 orcs
  7 endoplasms
  5 giant cockroaches
  13 goblins
  8 hobgoblins
  10 kobolds
  3 quokkas
  4 ball pythons
  2 bats (D:2)
  A frilled lizard (D:2)
  3 goblin zombies (D:4)
  9 hobgoblin zombies
  2 kobold skeletons (D:4)
  An orc skeleton (D:4)
  6 rats
152 creatures vanquished.

Notes
Turn   | Place    | Note
-------+----------+-------------------------------------------
     0 | D:1      | strawberryx3c the Gnoll Wanderer began the quest for the
                  | Orb.
     0 | D:1      | strawberryx3c set off with the following items: a +0
                  | dagger, a +0 buckler, a potion of haste, a +2 scale mail;
                  | and the following spell memorised: Slow; and the following
                  | spells available to memorise: Sigil of Binding.
     0 | D:1      | Reached XP level 1. HP: 13/13 MP: 4/4
   138 | D:1      | Reached XP level 2. HP: 17/19 MP: 5/5
   193 | D:1      | Found a faded altar of an unknown god.
   218 | D:1      | Prayed at the altar of an unknown god.
   218 | D:1      | Became a worshipper of Uskayaw the Reveller
   218 | D:1      | Reached * piety under Uskayaw
   879 | D:2      | Reached ** piety under Uskayaw
   933 | D:2      | Reached XP level 3. HP: 25/25 MP: 7/7
  1371 | D:2      | Reached skill level 1 in Invocations
  1381 | D:2      | Reached skill level 1 in Fighting
  1381 | D:2      | Reached skill level 1 in Short Blades
  1381 | D:2      | Reached skill level 1 in Long Blades
  1381 | D:2      | Reached skill level 1 in Axes
  1381 | D:2      | Reached skill level 1 in Maces & Flails
  1381 | D:2      | Reached skill level 1 in Polearms
  1381 | D:2      | Reached skill level 1 in Staves
  1381 | D:2      | Reached skill level 1 in Ranged Weapons
  1381 | D:2      | Reached skill level 1 in Throwing
  1381 | D:2      | Reached skill level 1 in Stealth
  1381 | D:2      | Reached skill level 1 in Unarmed Combat
  1381 | D:2      | Reached skill level 1 in Evocations
  1451 | D:2      | Reached skill level 1 in Shapeshifting
  1451 | D:2      | Reached XP level 4. HP: 16/32 MP: 6/8
  1893 | D:3      | Reached skill level 1 in Conjurations
  1893 | D:3      | Reached skill level 1 in Summonings
  1893 | D:3      | Reached skill level 1 in Necromancy
  1893 | D:3      | Reached skill level 1 in Translocations
  1893 | D:3      | Reached skill level 1 in Transmutations
  1893 | D:3      | Reached skill level 1 in Fire Magic
  1893 | D:3      | Reached skill level 1 in Ice Magic
  1893 | D:3      | Reached skill level 1 in Air Magic
  1893 | D:3      | Reached skill level 1 in Earth Magic
  1893 | D:3      | Reached skill level 1 in Poison Magic
  1992 | D:3      | Noticed Robin
  2021 | D:3      | Killed Robin
  2190 | D:3      | Reached XP level 5. HP: 37/37 MP: 9/9
  2516 | D:4      | Noticed Natasha
  2525 | D:4      | Reached *** piety under Uskayaw
  2527 | D:4      | Killed Natasha
  2527 | D:4      | Reached **** piety under Uskayaw
  2534 | D:4      | Found a glowing golden altar of the Shining One.
  2536 | D:4      | Noticed Natasha
  2543 | D:4      | Killed Natasha
  2544 | D:4      | Reached ***** piety under Uskayaw
  2578 | D:4      | Noticed Ijyb
  2612 | D:4      | Killed Ijyb
  2613 | D:4      | Reached XP level 6. HP: 17/44 MP: 9/11
  2823 | D:4      | Reached skill level 5 in Shields
  3125 | D:4      | Noticed Natasha
  3145 | D:4      | Killed Natasha
  3359 | D:4      | Reached XP level 7. HP: 29/50 MP: 7/12
  3803 | D:5      | Entered Level 5 of the Dungeon
  4527 | D:5      | Reached skill level 9 in Armour
  4958 | D:6      | Found a burning altar of Makhleb.
  4972 | D:6      | Identified the +1 leather armour "Weibraxkes" {Dex+3}
  5224 | D:6      | Found a staircase to the Ecumenical Temple.
  5345 | D:6      | Found a sand-covered staircase.
  5350 | Ossuary  | Entered an ossuary
  5360 | Ossuary  | HP: 2/76 [mummy (12)]
  5369 | Ossuary  | Reached XP level 8. HP: 34/57 MP: 10/14
  5801 | D:6      | Noticed Blork the orc
  5815 | D:6      | Killed Blork the orc
  5879 | D:6      | Noticed Dowan
  5880 | D:6      | Noticed Duvessa
  5893 | D:6      | Killed Dowan
  5907 | D:6      | Killed Duvessa
  6882 | D:7      | Found a transporter.
  6882 | D:7      | Noticed Fodor's ghost (novice MiFi)
  6882 | D:7      | Noticed a manticore
  6883 | D:7      | Noticed a troll
  6952 | D:7      | Found a transporter.
  7230 | D:7      | Gained mutation: You have a somewhat thin skeletal
                  | structure. (Dex +2, Stealth+) [potion of mutation]
  7230 | D:7      | Gained mutation: You are robust. (+10% HP) [potion of
                  | mutation]
  7230 | D:7      | Gained mutation: You are somewhat resistant to further
                  | mutation. [potion of mutation]
  7255 | D:7      | Killed a troll
  7256 | D:7      | Reached skill level 5 in Hexes
  7256 | D:7      | Reached XP level 9. HP: 71/71 MP: 16/16
  7265 | D:7      | HP: 1/71 [Fodor's ghost (4)]
  7265 | D:7      | Slain by a manticore

Illustrated notes

Levels and vault maps discovered:
D:1:      tarquinn_simple_flora_water_b, layout_basic,
          ebering_ecumenical_altar_rust, dreamdust_wishing_well
D:2:      layout_basic, minmay_pentomino_w4
D:3:      layout_basic, uniq_robin
D:4:      layout_basic, nicolae_tso_besieged_by_evil, uniq_natasha, uniq_ijyb
D:5:      layout_basic
D:6:      layout_loops_cross, bloody_makhleb,
          minmay_temple_entry_statues_fountains, enter_ossuary_2,
          uniq_blork_the_orc, uniq_duvessa
D:7:      layout_basic, gammafunk_ghost_arena, uniq_jeremiah

Skill      XL: |  1  2  3  4  5  6  7  8 |
---------------+-------------------------+-----
Invocations    | 1 2 3 4 |  4.2
Fighting       | 1 2 3 |  3.8
Short Blades   | 1 2 3 |  3.8
Long Blades    | 1 2 3 |  3.8
Axes           | 1 2 3 |  3.8
Maces & Flails | 1 2 3 |  3.8
Polearms       | 1 2 3 |  3.8
Staves         | 1 2 3 |  3.8
Ranged Weapons | 1 2 3 |  3.8
Throwing       | 1 2 3 |  3.8
Stealth        | 1 2 3 |  3.8
Unarmed Combat | 1 2 3 |  3.8
Evocations     | 1 2 3 |  3.8
Shapeshifting  | 1 2 3 |  3.4
Spellcasting   | 3 4 |  4.8
Conjurations   | 1 2 3 |  3.1
Summonings     | 1 2 3 |  3.1
Necromancy     | 1 2 3 |  3.1
Translocations | 1 2 3 |  3.1
Transmutations | 1 2 3 |  3.1
Fire Magic     | 1 2 3 |  3.1
Ice Magic      | 1 2 3 |  3.1
Air Magic      | 1 2 3 |  3.1
Earth Magic    | 1 2 3 |  3.1
Poison Magic   | 1 2 3 |  3.1
Dodging        | 3 4 |  4.6
Hexes          | 4 5 |  5.0
Shields        | 5 6 |  6.0
Armour         | 9 |  9.4

Action                     |  1- 3 |  4- 6 |  7- 9 || total
---------------------------+-------+-------+-------++-------
  Melee: Dagger            |   165 |       |       ||   165
         Bite              |    11 |    19 |    51 ||    81
         Hand axe          |       |   228 |   357 ||   585
 Invoke: Stomp             |     5 |     8 |    25 ||    38
         Line Pass         |       |     3 |     3 ||     6
    Use: Potion            |     1 |     4 |    10 ||    15
         Scroll            |       |       |     8 ||     8
   Stab: Paralysed         |       |     9 |     7 ||    16
         Confused          |       |     2 |     1 ||     3
         Invisible         |       |       |     5 ||     5
 Armour: Scale mail        |   107 |   174 |   405 ||   686
         Skin              |       |    58 |    15 ||    73
  Dodge: Dodged            |    56 |   109 |   260 ||   425
  Block: Buckler           |    40 |    65 |   158 ||   263

Table legend: (Time is in decaauts)
 A = Elapsed time spent in this place.
 B = Non-inter-level travel time spent in this place.
 C = Inter-level travel time spent in this place.
 D = Time resting spent in this place.
 E = Time spent auto-exploring this place.
 F = Levels seen in this place.
 G = Mean time per level.
                   A        B        C        D        E       F      G
               +--------+--------+--------+--------+--------+-----+--------+
         Total |   7404 |   7209 |    195 |   1795 |   3257 |   8 |  925.5 |
       Dungeon |   7068 |   6873 |    195 |   1607 |   3245 |   7 | 1009.7 |
       Ossuary |    336 |    336 |      0 |    188 |     12 |   1 |  336.0 |
               +--------+--------+--------+--------+--------+-----+--------+

Top non-repeatable levels by time:
     D:4: 1599 daAuts
     D:6: 1539 daAuts
     D:5: 954 daAuts
     D:1: 926 daAuts
     D:2: 896 daAuts
     D:3: 686 daAuts
     D:7: 465 daAuts
 Ossuary: 336 daAuts
